 Dungeon Crawl Stone Soup version 0.29-a0-284-gf9362112df (webtiles) character file.

Game seed: 2557186193393723144

239 sylnyx the Ducker (level 5, -2/41 HPs)
             Began as a Demonspawn Gladiator on Mar 26, 2022.
             Slain by an orc priest
             ... wielding a +0 flail
              (5 damage)
             ... on level 3 of the Dungeon.
             The game lasted 00:10:18 (3785 turns).

sylnyx the Ducker (Demonspawn Gladiator)            Turns: 3785, Time: 00:10:19

Health: -2/41      AC:  9    Str: 17    XL:     5   Next: 79%
Magic:  5/5        EV:  8    Int: 13    God:
Gold:   87         SH:  5    Dex: 14    Spells: 4/4 levels left

rFire   . . .      SeeInvis .   n - +3 dagger
rCold   . . .      Faith    .   (no shield)
rNeg    . . .      Spirit   .   v - +0 chain mail
rPois   .          Reflect  +   c - +0 helmet
rElec   .          Harm     .   (no cloak)
rCorr   .          Rampage  .   (no gloves)
Will    .....                   (no boots)
Stlth   ..........              m - amulet of reflection
HPRegen 0.13/turn               (no ring)
MPRegen 0.18/turn               (no ring)

@: no status effects
A: magic regeneration, big brain 2
a: no special abilities


You were on level 3 of the Dungeon.
You visited 1 branch of the dungeon, and saw 3 of its levels.

You collected 87 gold pieces.

Inventory:

Hand Weapons
 a - a +0 trident
 h - a +1 whip of electrocution
 n - a +3 dagger (weapon)
 u - a +1 vorpal hand axe
Missiles
 d - 2 throwing nets
 e - a javelin (quivered)
 k - 3 silver javelins
 p - 2 poisoned darts
 r - 4 boomerangs
Armour
 c - a +0 helmet (worn)
 v - a +0 chain mail (worn)
Jewellery
 m - an amulet of reflection (around neck)
Scrolls
 f - a scroll of teleportation {unknown}
 g - a scroll of identify
 i - a scroll of vulnerability {unknown}
 l - a scroll of fear {unknown}
 o - a scroll of fog {unknown}
 t - a scroll of amnesia {unknown}
Potions
 j - a potion of curing
 q - a potion of degeneration {unknown}
 s - a potion of attraction {unknown}


   Skills:
 + Level 3.0 Fighting
 * Level 2.1 Short Blades
 - Level 1.7 Maces & Flails
 + Level 3.0 Polearms
 + Level 2.1 Throwing
 + Level 1.7 Armour
 + Level 3.2 Dodging
 + Level 1.1 Stealth
 + Level 0.3 Shields


You had 4 spell levels left.
You didn't know any spells.
Your spell library was empty.

Dungeon Overview and Level Annotations

Branches:
Dungeon (3/15)

Altars:

Annotations:
D:3 Grinder


Innate Abilities, Weirdness & Mutations

You regenerate magic rapidly.
You have an extremely huge brain. (Int +4)


Message History

You see here a +0 flail.
The orc closely misses you.
The orc priest invokes the aid of Beogh against you.
Something writhes in agony.
The orc attacks as you move away! The orc hits you with a +0 hand axe.
* * * LOW HITPOINT WARNING * * *
You hit the orc.
The orc is severely wounded.
The orc priest looks encouraged for a moment.
You block the orc's attack.
You hear some strange, mumbled words.
Something tries to affect you, but you resist.
You barely miss the orc.
The orc is severely wounded.
The orc closely misses you.
You hit the orc.
You kill the orc!
You hear some strange, mumbled words.
A puff of flame appears from out of thin air!
The puff of flame reflects off an invisible shield around you!
The puff of flame hits something!
Reactivating autopickup.
You feel a bit more experienced.
Your Short Blades skill increases to level 2!
Found a hunting sling.
The orc priest miscasts a cantrip.
You hit the orc priest.
The orc priest is moderately wounded.
The orc priest closely misses you.
You hit the orc priest.
The orc priest is moderately wounded.
You hit the orc priest.
The orc priest is severely wounded.
The orc priest invokes the aid of Beogh against you.
Pain shoots through your body!
* * * LOW HITPOINT WARNING * * *
You barely miss the orc priest.
The orc priest is severely wounded.
The orc priest hits you with a +0 flail.
You die...

#.#.###...........#
#..# ##.
#.......####........
#... ## #...#####
#.####.## #.... #...#
####.#>### # #....
#...# ##.).###..
#...###...#.#.##
#...........)## #
#{.####...##o.###..###
#..# ##.###.@.......)
#.o. #.# #..##...###
#o#># #.# #..# ..# #.
.# #.# #..# .# #{ .#
^# #..# # #! .# ....
#. #. ##... #...


You could see an orc priest.

Vanquished Creatures
  Jessica (D:2)
  Natasha (thrice) (D:2)
  An orc wizard (D:3)
  Robin (D:2)
  An adder (D:2)
  3 dart slugs
  6 orcs (D:3)
  8 ball pythons
  9 endoplasms
  2 giant cockroaches
  14 goblins
  6 hobgoblins
  3 jackals (D:1)
  5 kobolds
  3 quokkas
  7 bats
  6 frilled lizards
  2 rats (D:1)
81 creatures vanquished.

Notes
Turn   | Place    | Note
-------+----------+-------------------------------------------
     0 | D:1      | sylnyx the Demonspawn Gladiator began the quest for the
                  | Orb.
     0 | D:1      | Reached XP level 1. HP: 16/16 MP: 1/1
   235 | D:1      | Gained mutation: You regenerate magic rapidly. [demonic
                  | ancestry]
   235 | D:1      | Reached XP level 2. HP: 19/22 MP: 2/2
   955 | D:1      | Found a faded altar of an unknown god.
   960 | D:1      | Gained mutation: You have an unusually large brain. (Int
                  | +2) [demonic ancestry]
   960 | D:1      | Reached XP level 3. HP: 28/28 MP: 3/3
  1792 | D:2      | Reached skill level 1 in Maces & Flails
  1831 | D:2      | Noticed Jessica
  1840 | D:2      | Killed Jessica
  1841 | D:2      | Reached skill level 1 in Armour
  1841 | D:2      | Reached XP level 4. HP: 25/34 MP: 4/4
  2348 | D:2      | Noticed Robin
  2353 | D:2      | Killed Robin
  2529 | D:2      | Noticed Natasha
  2547 | D:2      | Killed Natasha
  2548 | D:2      | Gained mutation: You have an extremely huge brain. (Int +4)
                  | [demonic ancestry]
  2548 | D:2      | Reached XP level 5. HP: 40/40 MP: 5/5
  2572 | D:2      | Noticed Natasha
  2590 | D:2      | Killed Natasha
  2591 | D:2      | Reached skill level 1 in Short Blades
  2918 | D:2      | Noticed Natasha
  2932 | D:2      | Killed Natasha
  2933 | D:2      | Reached skill level 1 in Stealth
  3578 | D:3      | Noticed Grinder
  3579 | D:3      | Paralysed by Grinder for 3 turns
  3590 | D:3      | Paralysed by Grinder for 4 turns
  3785 | D:3      | Slain by an orc priest

Illustrated notes

Levels and vault maps discovered:
D:1:      saegor_arrival_simple_c, layout_basic,
          chequers_ecumenical_altar_simple_redux
D:2:      layout_loops_ring, uniq_natasha, uniq_robin, uniq_jessica
D:3:      layout_loops_ring, uniq_grinder

Skill      XL: |  1  2  3  4  5 |
---------------+----------------+-----
Throwing       | 2 |  2.1
Polearms       | 3 |  3.0
Dodging        | 3 |  3.2
Maces & Flails | 1 |  1.7
Armour         | 1 |  1.7
Short Blades   | 2 |  2.1
Fighting       | 3 |  3.0
Stealth        | 1 |  1.1
Shields        | |  0.3

Action                   |  1- 3 |  4- 6 || total
-------------------------+-------+-------++-------
Melee: Trident           |    51 |       ||    51
       Whip              |    62 |    18 ||    80
       Dagger            |       |   130 ||   130
       Punch             |       |     2 ||     2
Throw: Throwing net      |     1 |       ||     1
       Javelin           |       |     2 ||     2
  Use: Scroll            |       |     1 ||     1
 Stab: Sleeping          |       |     3 ||     3
Armor: Leather armour    |    48 |    20 ||    68
       Chain mail        |       |    13 ||    13
Dodge: Dodged            |   112 |    60 ||   172
Block: Other             |     1 |    22 ||    23
       Reflection        |       |     2 ||     2

Table legend: (Time is in decaauts)
 A = Elapsed time spent in this place.
 B = Non-inter-level travel time spent in this place.
 C = Inter-level travel time spent in this place.
 D = Time resting spent in this place.
 E = Time spent auto-exploring this place.
 F = Levels seen in this place.
 G = Mean time per level.
                   A        B        C        D        E       F      G
               +--------+--------+--------+--------+--------+-----+--------+
         Total |   3791 |   3744 |     47 |   1601 |   1082 |   3 | 1263.7 |
       Dungeon |   3791 |   3744 |     47 |   1601 |   1082 |   3 | 1263.7 |
               +--------+--------+--------+--------+--------+-----+--------+

Top non-repeatable levels by time:
     D:2: 1818 daAuts
     D:1: 1399 daAuts
     D:3: 573 daAuts
